 Dungeon Crawl Stone Soup version 0.18.1-50-g88ac8fd (webtiles) character file.

136 Korbac the Cutter (level 5, 0/33 HPs)
             Began as a Kobold Berserker on Oct 26, 2016.
             Was a Priest of Trog.
             Slain by simples's ghost (10 damage)
             ... on level 3 of the Dungeon.
             The game lasted 00:09:51 (2993 turns).

Korbac the Cutter (Kobold Berserker)                Turns: 2993, Time: 00:09:52

Health: 0/33       AC:  7    Str: 16    XL:     5   Next: 43%
Magic:  5/5        EV: 15    Int:  5    God:    Trog [***...]
Gold:   210        SH:  0    Dex: 16    Spells: 0 memorised, 4 levels left

rFire  . . .     SeeInvis .     a - +0 short sword
rCold  . . .     Gourm    .     h - +1 ring mail
rNeg   . . .     Faith    .     (shield restricted)
rPois  .         Spirit   .     l - +0 helmet
rElec  .         Dismiss  .     (no cloak)
rCorr  .         Reflect  .     (no gloves)
SustAt .         Harm     .     (no boots)
MR     .....                    (no amulet)
Stlth  +.........               (no ring)
                                (no ring)

@: not resistant to hostile enchantments, very unstealthy
A: carnivore 3
a: Berserk, Trog's Hand, Burn Spellbooks, Renounce Religion


You were on level 3 of the Dungeon.
You worshipped Trog.
Trog was most pleased with you.
You were not hungry.

You visited 1 branch of the dungeon, and saw 3 of its levels.

You collected 210 gold pieces.

Inventory:

Hand Weapons
 a - a +0 short sword (weapon)
Armour
 b - a +0 animal skin
 h - a +1 ring mail (worn)
 l - a +0 helmet (worn)
 n - a cursed +0 pair of gloves
Scrolls
 d - 2 scrolls of remove curse
 e - a scroll of enchant weapon {unknown}
 j - a scroll of teleportation
 m - a scroll of fog
 o - a scroll of noise {unknown}
 p - a scroll of recharging {unknown}
Potions
 f - a potion of degeneration {unknown}
 g - a potion of cure mutation
 i - a potion of might {unknown}
 q - a potion of lignification {unknown}
Comestibles
 c - a meat ration
 k - a beef jerky


   Skills:
 * Level 4.1 Fighting
 * Level 5.6 Short Blades
 + Level 2.0 Armour
 * Level 3.9 Dodging


You had 4 spell levels left.
You didn't know any spells.

Dungeon Overview and Level Annotations

Branches:
Dungeon (3/15)

Altars:
Yredelemnul

Annotations:
D:3 simples's ghost, amateur MiBe


Innate Abilities, Weirdness & Mutations

You are small and have problems with some larger weapons.
You are carnivorous and can eat meat at any time.


Message History

Simples's ghost is moderately damaged.
Simples's ghost completely misses you.
You hit simples's ghost.
Simples's ghost is moderately damaged.
Simples's ghost closely misses you.
You hit simples's ghost.
Simples's ghost is heavily damaged.
Simples's ghost barely misses you.
You hit simples's ghost but do no damage.
Simples's ghost is heavily damaged.
Simples's ghost hits you!
* * * LOW HITPOINT WARNING * * *
You hit simples's ghost but do no damage.
Simples's ghost is heavily damaged.
You closely miss simples's ghost.
Simples's ghost is heavily damaged.
Your skin stops crawling.
You feel less resistant to hostile enchantments.
Simples's ghost hits you!
You die...

.....##...#####.#
#######.........
.........######.
########..# ##.##
#..# ##.# . #W##
# #.@# ##. .
##.###.... #. #
#.%...... ... #
#..##..## #.####
#..# .. #.....
#..# #..... #..#
######..... ##.#
#.......... #.##
##....(.....


You could see simples's ghost.

Vanquished Creatures
  Robin (D:2)
  2 adders (D:1)
  5 worms
  A dart slug (D:2)
  3 giant geckos (D:1)
  A ball python (D:1)
  2 giant cockroaches
  2 gnoll zombies (D:2)
  15 goblins
  8 hobgoblins
  9 jackals
  4 kobolds
  2 quokkas (D:2)
  7 bats
  8 giant newts
  13 rats
83 creatures vanquished.

Notes
Turn   | Place    | Note
--------------------------------------------------------------
     0 | D:1      | Korbac the Kobold Berserker began the quest for the Orb.
     0 | D:1      | Reached XP level 1. HP: 14/14 MP: 1/1
    56 | D:1      | Reached XP level 2. HP: 7/19 MP: 2/2
   600 | D:1      | Reached ** piety under Trog
   600 | D:1      | Reached XP level 3. HP: 23/23 MP: 3/3
  1068 | D:1      | Reached skill level 5 in Short Blades
  1463 | D:1      | Reached XP level 4. HP: 24/28 MP: 4/4
  1525 | D:2      | Noticed Robin
  2072 | D:2      | Killed Robin
  2072 | D:2      | Reached XP level 5. HP: 30/33 MP: 5/5
  2311 | D:2      | Reached *** piety under Trog
  2549 | D:2      | Found a basalt altar of Yredelemnul.
  2947 | D:3      | Noticed simples's ghost (amateur MiBe)
  2993 | D:3      | Slain by simples's ghost

Skill      XL: |  1  2  3  4  5 |
---------------+----------------+-----
Short Blades   | 5 |  5.6
Dodging        | 3 |  3.9
Fighting       | 4 |  4.1
Armour         | 2 |  2.0

Action                   |  1- 3 |  4- 6 || total
-------------------------+-------+-------++-------
Melee: Short sword       |   109 |   275 ||   384
Invok: Trog's Hand       |       |     1 ||     1
  Use: Potion            |       |     2 ||     2
       Scroll            |       |     6 ||     6
  Eat: Chunk             |     6 |     3 ||     9
Armor: Animal skin       |     4 |       ||     4
       Ring mail         |    30 |    77 ||   107
Dodge: Dodged            |    90 |   223 ||   313
